 Dungeon Crawl Stone Soup version 0.21-a0-437-ge5bf024 (webtiles) character file.

67 karf the Chopper (level 4, -4/41 HPs)
             Began as a Hill Orc Monk on Nov 9, 2017.
             Slain by a gnoll
             ... wielding a +0 halberd
              (8 damage)
             ... on level 2 of the Dungeon.
             The game lasted 00:03:07 (1296 turns).

karf the Chopper (Hill Orc Monk)                    Turns: 1296, Time: 00:03:08

Health: -4/41      AC:  3    Str: 14    XL:     4   Next: 18%
Magic:  4/4        EV: 13    Int: 10    God:
Gold:   85         SH:  6    Dex: 13    Spells: 3/3 levels left

rFire    . . .     SeeInvis .   a - +0 hand axe
rCold    . . .     Gourm    .   (no shield)
rNeg     . . .     Faith    .   b - +0 robe
rPois    .         Spirit   .   (no helmet)
rElec    .         Reflect  +   (no cloak)
rCorr    .         Harm     .   d - +0 pair of gloves
MR       .....                  (no boots)
Stlth    ++........             g - +6 amulet of reflection
HPRegen  0.13/turn              (no ring)
MPRegen  0.09/turn              (no ring)

@: no status effects
A: no striking features
a: no special abilities


You were on level 2 of the Dungeon.
You were not hungry.

You visited 1 branch of the dungeon, and saw 2 of its levels.

You collected 85 gold pieces.

Inventory:

Hand Weapons
 a - a +0 hand axe (weapon)
Armour
 b - a +0 robe (worn)
 d - a +0 pair of gloves (worn)
Jewellery
 g - a +6 amulet of reflection (around neck)
Scrolls
 e - a scroll of identify {unknown}
 f - a scroll of fear {unknown}
 h - a scroll of amnesia {unknown}
 j - a scroll of enchant armour {unknown}
 k - a scroll of random uselessness {unknown}
 l - a scroll of recharging {unknown}
 o - a scroll of fog {unknown}
 p - a scroll of remove curse {unknown}
Potions
 m - a potion of brilliance {unknown}
Comestibles
 c - a bread ration
 i - a meat ration
 n - a chunk of flesh


   Skills:
 + Level 4.5 Fighting
 * Level 5.8 Axes
 - Level 2.4 Dodging
 - Level 1.5 Stealth


You had 3 spell levels left.
You didn't know any spells.

Dungeon Overview and Level Annotations

Branches:
Dungeon (2/15)

Altars:


Message History

a tomahawk of returning; an enchanted whip You hit the ooze.
You kill the ooze!
The gnoll throws a tomahawk of returning.
The tomahawk of returning hits you.
* * * LOW HITPOINT WARNING * * *
The dart slug launches a dart at you.
The slug dart reflects off an invisible shield around you!
The slug dart hits the dart slug.
You kill the dart slug!
The gnoll closely misses you.
You see here a tomahawk of returning.
You closely miss the gnoll.
The gnoll is almost dead.
You block the gnoll's attack.
You barely miss the gnoll.
The gnoll is almost dead.
You block the gnoll's attack.
The gnoll hits you from afar with a halberd!
You die...

#......# #.#.#.# ##+##..#
#.#.#.# ##. .... ......#
... ....# #.#.### ....
..... ....... ..... ♣....#
....... .....♣♣♣♣♣♣
♣♣#.#.#.#.#.###
..........####.#.#.#.#.#.#
.#........g@..............
.......)(g####.#.#.#.#...♣
..##....................♣♣
#.#.................... #
#.#..............).♣
...........#.#...#.#♣♣♣
..............#.........
##.#..#.##.............#
....................#.#


You could see 2 gnolls.

Vanquished Creatures
  2 gnolls (D:2)
  2 oozes (D:2)
  3 dart slugs
  2 leopard geckos
  4 bats
  2 giant cockroaches (D:1)
  7 hobgoblins
  A quokka (D:2)
  2 frilled lizards (D:1)
  3 goblins (D:1)
  3 rats (D:1)
31 creatures vanquished.

Notes
Turn   | Place    | Note
-------+----------+-------------------------------------------
     0 | D:1      | karf the Hill Orc Monk began the quest for the Orb.
     0 | D:1      | Reached XP level 1. HP: 19/19 MP: 1/1
   217 | D:1      | Reached XP level 2. HP: 21/27 MP: 2/2
   742 | D:1      | Reached skill level 5 in Axes
   742 | D:1      | Reached XP level 3. HP: 33/33 MP: 3/3
  1278 | D:2      | Reached XP level 4. HP: 41/41 MP: 4/4
  1296 | D:2      | Slain by a gnoll

Vault maps used:
D:1:      dpeg_cavernosity
D:2:      tso_altar, serial_forest, infiniplex_forest_zigzag_1,
          infiniplex_forest_lined_corner, infiniplex_forest_clump_tiny,
          infiniplex_forest_lined_corner, infiniplex_forest_lined_room_3,
          infiniplex_forest_zigzag_1, infiniplex_forest_straight_5

Skill      XL: |  1  2 |
---------------+-------+-----
Fighting       | 4 |  4.5
Axes           | 5 |  5.8
Dodging        | |  2.4
Stealth        | |  1.5

Action                   |  1- 3 |  4- 6 || total
-------------------------+-------+-------++-------
Melee: Hand axe          |    93 |    11 ||   104
 Stab: Sleeping          |     1 |       ||     1
  Eat: Chunk             |     1 |       ||     1
Armor: Robe              |    17 |       ||    17
Dodge: Dodged            |    48 |    10 ||    58
Block: Other             |     9 |     7 ||    16
       Reflection        |       |     1 ||     1

Table legend:
 A = Spawn XP
 B = Non-spawn XP
 C = Spawn XP percentage of total XP
 D = Spawn monster count
 E = Non-spawn monster count
 F = Spawn count percentage of total count
 G = Total turns spent on level
                    A         B        C        D         E        F      G
               +---------+---------+-------+---------+---------+-------+---------
         Total |       0 |      97 |   0.0 |       0 |      31 |   0.0 |  1296
               +---------+---------+-------+---------+---------+-------+---------
           D:1 |       0 |      40 |   0.0 |       0 |      21 |   0.0 |  1049
           D:2 |       0 |      57 |   0.0 |       0 |      10 |   0.0 |   247
               +---------+---------+-------+---------+---------+-------+---------
